 Dungeon Crawl Stone Soup version 0.29-a0-789-g7a8fcbc185 (webtiles) character file.

Game seed: 12304256202080393411

336 ytrimaz the Insei (level 6, -1/38 HPs)
             Began as an Octopode Transmuter on July 2, 2022.
             Slain by a gnoll
             ... wielding a +0 flail
              (11 damage)
             ... on level 4 of the Dungeon.
             The game lasted 00:04:13 (4901 turns).

ytrimaz the Insei (Octopode Transmuter)             Turns: 4901, Time: 00:04:13

Health: -1/38      AC:  1    Str:  9    XL:     6   Next: 54%
Magic:  9/9        EV: 13    Int: 18    God:
Gold:   134        SH:  0    Dex: 12    Spells: 8/9 levels left

rFire   . . .      SeeInvis +     - Unarmed
rCold   + . .      Faith    .   (no shield)
rNeg    . . .      Spirit   .   (helmet currently unavailable)
rPois   .          Reflect  .   (no amulet)
rElec   .          Harm     .   b - ring of protection from cold
rCorr   .          Rampage  .   j - ring of see invisible
Will    .....                   (no ring)
Stlth   ++........              (no ring)
HPRegen 0.12/turn               (no ring)
MPRegen 0.11/turn               (no ring)
                                (no ring)
                                (no ring)

@: appendages (expiring)
A: tentacle spike 3, almost no armour, amphibious, 8 rings, camouflage 1,
gelatinous body 1, (nimble swimmer 1), tentacles
a: End Transformation


You were on level 4 of the Dungeon.
One of your tentacles had grown a beastly spike.
You visited 1 branch of the dungeon, and saw 4 of its levels.

You collected 134 gold pieces.

Inventory:

Jewellery
 b - a ring of protection from cold (left tentacle)
 j - a ring of see invisible (right tentacle)
Scrolls
 c - 2 scrolls of vulnerability
 f - 4 scrolls of teleportation
 g - a scroll of amnesia
 h - a scroll of blinking
Potions
 a - a potion of lignification
 d - 2 potions of curing
 i - a potion of attraction
 k - a potion of heal wounds {unknown}


   Skills:
 - Level 1.0 Fighting
 - Level 2.0 Dodging
 + Level 7.1 Unarmed Combat
 - Level 2.0 Spellcasting
 - Level 2.0 Transmutations


You had 8 spell levels left.
You knew the following spells:

 Your Spells              Type           Power      Damage    Failure   Level
a - Beastly Appendage     Tmut           18%        N/A       8%          1

Your spell library contained the following spells:

 Spells                   Type           Power      Damage    Failure   Level
 Wereblood                Tmut           9%         N/A       12%         2
 Foxfire                  Conj/Fire      4%         2x1d4     19%         1
 Magic Dart               Conj           4%         1d3       19%         1
 Summon Small Mammal      Summ           4%         N/A       19%         1
 Call Imp                 Summ           1%         N/A       26%         2
 Spider Form              Tmut/Pois      5%         N/A       34%         3
 Ignite Poison            Fire/Tmut/Pois 4%         N/A       38%         3
 Call Canine Familiar     Summ           1%         N/A       47%         3
 Confusing Touch          Hex            1%         N/A       47%         3
 Conjure Flame            Conj/Fire      1%         6-21      47%         3
 Gell's Gravitas          Tloc           1%         N/A       47%         3
 Inner Flame              Hex/Fire       1%         N/A       47%         3
 Mephitic Cloud           Conj/Pois/Air  1%         N/A       47%         3
 Summon Guardian Golem    Hex/Summ       1%         N/A       47%         3
 Teleport Other           Tloc           1%         N/A       47%         3
 Ice Form                 Ice/Tmut       5%         N/A       75%         4
 Flame Wave               Conj/Fire      1%         2d4       87%         4
 Olgreb's Toxic Radiance  Pois           1%         N/A       87%         4
 Sticky Flame             Conj/Fire      1%         2d3       87%         4
 Yara's Violent Unravell  Hex/Tmut       2%         3d3       97%         5
 Dispersal                Tloc           0%         N/A       100%        6
 Enfeeble                 Hex            0%         N/A       100%        7
 Ozocubu's Refrigeration  Ice            0%         4d5       100%        7
 Ignition                 Fire           0%         3d3       100%        8


Dungeon Overview and Level Annotations

Branches:
Dungeon (4/15)
 Temple: D:4-7

Altars:
Yredelemnul
The Shining One


Innate Abilities, Weirdness & Mutations

One of your tentacles has grown a beastly spike.
You cannot wear most types of armour.
You are amphibious.
You can wear up to eight rings at the same time.
Your skin changes colour to match your surroundings (Stealth+).
Your rubbery body absorbs attacks. (AC +1, EV +1)
((You are camouflaged when in or above water. (Stealth+)))
You have tentacles for arms and can constrict up to eight enemies at once.


Message History

There is a stone staircase leading down here.
f - 4 scrolls of teleportation (gained 2)
Found a stone staircase leading up.
Found 7 stones.
There is a stone staircase leading up here.
As you open the door, it creaks loudly!
There is an open door here.
There is an open door here.
Things that are here:
a +0 dagger; a +0 chain mail 2 gnolls come into view.
There are monsters nearby!
There are monsters nearby!
One of your tentacles grows a vicious spike.
Your transformation is almost over.
The gnoll shouts!
A gnoll comes into view. It is wielding a +0 flail.
The gnoll hits you with a +0 halberd!
The gnoll shouts!
You tentacle-slap the gnoll but do no damage.
Your grab misses the gnoll. The gnoll hits you with a +0 halberd!
* * * LOW HITPOINT WARNING * * *
You tentacle-slap the gnoll. You grab the gnoll.
You pierce the gnoll, but do no damage.
The gnoll is moderately wounded.
You constrict the gnoll. The gnoll closely misses you.
A gnoll comes into view. It is wielding a +0 flail.
You are too injured to fight recklessly!
The gnoll shouts!
You tentacle-slap the gnoll.
You pierce the gnoll.
The gnoll is heavily wounded.
You constrict the gnoll. The gnoll closely misses you.
You are too injured to fight recklessly!
You tentacle-slap the gnoll.
You kill the gnoll!
You are too injured to fight recklessly!
The gnoll attacks as you move away! The gnoll misses you.
The gnoll attacks as you move away! The gnoll barely misses you.
The gnoll attacks as you move away! The gnoll hits you with a +0 flail!
You die...

#..###..#.# #.... #..# #..#.##
##.... #..# #..##.## ##.#...
### #..# #..##..###.##... ##.##
#..###..........##### ##...##
#..##............####
##.....####..##................
#........)÷÷......≈≈≈......####
##.)...####...@..≈≈≈≈≈...###
#####...## #####g.≈≈.≈≈...#
#......## #g.≈≈≈≈≈...# #.######
#g..≈≈≈....# #.#
#.)...)....###### #.#
#................ #.#
#.####...#.###### #.####### ..#
#....# #.......# ### ####.#


You could see 3 gnolls.

Vanquished Creatures
  Edmund (D:4)
  2 orc priests (D:3)
  An iguana (D:4)
  3 adders
  A gnoll (D:4)
  A river rat (D:4)
  3 worms
  A dart slug (D:4)
  7 orcs
  7 endoplasms
  5 giant cockroaches
  9 goblins
  9 hobgoblins
  3 jackals (D:2)
  2 quokkas
  2 ball pythons
  A frilled lizard (D:1)
  6 kobolds
  6 rats
70 creatures vanquished.

Notes
Turn   | Place    | Note
-------+----------+-------------------------------------------
     0 | D:1      | ytrimaz the Octopode Transmuter began the quest for the
                  | Orb.
     0 | D:1      | Reached XP level 1. HP: 13/13 MP: 3/3
   308 | D:1      | Found a faded altar of an unknown god.
   316 | D:1      | Reached XP level 2. HP: 11/18 MP: 3/5
   827 | D:1      | Reached skill level 4 in Unarmed Combat
  1281 | D:2      | Reached XP level 3. HP: 23/23 MP: 4/6
  2239 | D:2      | Reached XP level 4. HP: 15/28 MP: 5/7
  2784 | D:3      | Reached skill level 5 in Unarmed Combat
  2888 | D:3      | You fall into a shaft and drop 1 floor!
  2897 | D:4      | Noticed Edmund
  3213 | D:3      | Reached XP level 5. HP: 30/33 MP: 8/8
  3373 | D:3      | Found a basalt altar of Yredelemnul.
  3376 | D:3      | Found a glowing golden altar of the Shining One.
  3381 | D:3      | Noticed a profane servitor
  3391 | D:3      | Noticed an angel
  3923 | D:4      | Killed Edmund
  3924 | D:4      | Reached skill level 6 in Unarmed Combat
  3924 | D:4      | Reached XP level 6. HP: 38/38 MP: 9/9
  4356 | D:4      | Reached skill level 7 in Unarmed Combat
  4901 | D:4      | Slain by a gnoll

Illustrated notes

Levels and vault maps discovered:
D:1:      dpeg_arrival_brainrot, layout_basic,
          dreamdust_ecumenical_altar_statues
D:2:      layout_loops_corners
D:3:      layout_basic, grunt_temple_overflow_holy_war
D:4:      layout_loops_ring, portal_sewer_entry_a, minmay_liquid_box,
          chequers_serial_rivers_micro_e, uniq_edmund

Skill      XL: |  1  2  3  4  5  6 |
---------------+-------------------+-----
Unarmed Combat | 4 5 6 7 |  7.1
Fighting       | |  1.0
Dodging        | |  2.0
Spellcasting   | |  2.0
Transmutations | |  2.0

Action                   |  1- 3 |  4- 6 || total
-------------------------+-------+-------++-------
Melee: Unarmed           |    81 |    79 ||   160
       Constrict         |    22 |    19 ||    41
       Kick              |    19 |    22 ||    41
       Tentacles         |    12 |    13 ||    25
       Punch             |     1 |     5 ||     6
 Cast: Beastly Appendage |    24 |    22 ||    46
  Use: Scroll            |     1 |     7 ||     8
       Potion            |       |     5 ||     5
 Stab: Sleeping          |     5 |     6 ||    11
Armor: Skin              |     5 |     6 ||    11
Dodge: Dodged            |    36 |    21 ||    57

Table legend: (Time is in decaauts)
 A = Elapsed time spent in this place.
 B = Non-inter-level travel time spent in this place.
 C = Inter-level travel time spent in this place.
 D = Time resting spent in this place.
 E = Time spent auto-exploring this place.
 F = Levels seen in this place.
 G = Mean time per level.
                   A        B        C        D        E       F      G
               +--------+--------+--------+--------+--------+-----+--------+
         Total |   4890 |   4811 |     79 |    262 |   3931 |   4 | 1222.5 |
       Dungeon |   4890 |   4811 |     79 |    262 |   3931 |   4 | 1222.5 |
               +--------+--------+--------+--------+--------+-----+--------+

Top non-repeatable levels by time:
     D:2: 1533 daAuts
     D:1: 1184 daAuts
     D:4: 1155 daAuts
     D:3: 1016 daAuts
